 Dungeon Sprint DCSS version 0.13.0-29-gdb529de (webtiles) character file.

759 Lilouch the Warrior (level 7, -7/51 HPs)
             Began as a Gargoyle Fighter on Nov 13, 2013.
             Was a Believer of Okawaru.
             Mangled by a red wasp (shapeshifter) (10 damage)
             ... in the Dungeon (Sprint IX: "|||||||||||||||||||||||||||||").
             The game lasted 00:03:47 (475 turns).

Lilouch the Warrior (Gargoyle Fighter)               Turns: 475, Time: 00:03:49

HP  -7/51        AC 21     Str 24      XL: 7   Next: 75%
MP   6/6         EV  5     Int 12      God: Okawaru [**....]
Gold 20          SH 19     Dex  9      Spells:  0 memorised,  6 levels left

Res.Fire  : . . .   See Invis. : .   o - +2 morningstar (protect)
Res.Cold  : . . .   Warding    : .   q - +1 chain mail
Life Prot.: + . .   Conserve   : .   c - +0 shield
Res.Poison: +       Res.Corr.  : .   (no helmet)
Res.Elec. : +       Clarity    : .   (no cloak)
Sust.Abil.: . .     Spirit.Shd : .   p - +0 pair of elf gloves
Res.Mut.  : .       Prev.Telep.: +   (no boots)
Res.Rott. : +       Flight     : .   (no amulet)
Saprovore : . . .                    r - +3 ring of intelligence
                                     s - +3 ring of strength

@: slightly resistant to hostile enchantments, extremely unstealthy
A: fangs 1, talons 2, life protection 1, electricity resistance, slow metabolism
1, unbreathing, petrification resistance, AC +4
a: Heroism, Renounce Religion


You were in the Dungeon.
You worshipped Okawaru.
Okawaru was pleased with you.
You were not hungry.

You visited 1 branch

Inventory:

Hand weapons
 a - a +0,+0 mace
 o - a +2,+2 morningstar of protection (weapon)
Armour
 b - a +0 scale mail
 c - a +0 shield (worn)
 p - a +0 pair of elven gloves (worn)
 q - a +1 chain mail (worn)
Magical devices
 n - a wand of draining (7)
Comestibles
 d - a bread ration
 t - 2 rotting chunks of sky beast flesh
Scrolls
 j - 2 scrolls of blinking
 l - 3 scrolls of remove curse
 m - 2 scrolls of amnesia
Jewellery
 r - a +3 ring of intelligence (right hand)
 s - a +3 ring of strength (left hand)
Potions
 e - 5 potions of curing
 f - 3 potions of heal wounds
 g - a potion of speed
 h - 4 potions of magic
 i - a potion of berserk rage
 k - a potion of invisibility


   Skills:
 + Level 15.0 Fighting
 - Level 2.1 Maces & Flails
 - Level 3.2 Armour
 + Level 6.8 Dodging
 - Level 3.2 Shields


You had 6 spell levels left.
You didn't know any spells.

Dungeon Overview and Level Annotations

Branches:
Dungeon (1/1)

Altars:
Ashenzari
Cheibriados
Elyvilon
Fedhas
Kikubaaqudgha
Makhleb
Nemelex Xobeh
Okawaru
Sif Muna
Trog
Vehumet
Xom
Yredelemnul
Zin
the Shining One


Innate Abilities, Weirdness & Mutations

You are resistant to torment.
You are immune to poison.
Your stone body is very resilient (AC +4).
You have very sharp teeth.
You have razor-sharp toenails.
You resist negative energy.
You are resistant to electric shocks.
You have a slow metabolism.
You can survive without breathing.
You are immune to petrification.


Message History

You sock the red wasp!
You claw the red wasp, but do no damage.
The red wasp is moderately wounded.
The red wasp completely misses you. The red wasp stings you.
You hit the red wasp but do no damage. Your bite misses the red wasp.
The red wasp is moderately wounded.
The red wasp stings you but does no damage.
The red wasp barely misses you.
You barely miss the red wasp.
You claw the red wasp, but do no damage.
The red wasp is moderately wounded.
You block the red wasp's attack.
You closely miss the red wasp. You claw the red wasp.
The red wasp is heavily wounded.
The red wasp stings you!
* * * LOW HITPOINT WARNING * * *
The red wasp stings you!
* * * LOW HITPOINT WARNING * * *
The red wasp stings you!
You die... ################################# ........).....).@yhT'___________B #################################

You could see a red wasp shaped shifter, a troll and a hound.

Vanquished Creatures
  A troll (D)
  An ugly thing (D)
  A sky beast (D)
  A centaur (D)
  A giant frog (D)
  2 adders (D)
  A giant mite (D)
  A bat zombie (D)
  A goblin (D)
  2 hobgoblins (D)
  A jackal (D)
  2 kobolds (D)
  A giant cockroach (D)
  A hobgoblin skeleton (D)
  A rat (D)
  2 ballistomycetes (D)
20 creatures vanquished.

Vanquished Creatures (others)
  A giant spore (D)
1 creature vanquished.

Grand Total: 21 creatures vanquished

Notes
Turn   | Place    | Note
--------------------------------------------------------------
     0 | D        | Lilouch, the Gargoyle Fighter, began the quest for the Orb.
     0 | D        | Reached XP level 1. HP: 14/14 MP: 0/0
    14 | D        | Reached skill level 4 in Fighting
    15 | D        | Reached skill level 5 in Fighting
    15 | D        | Reached XP level 2. HP: 20/20 MP: 1/1
    31 | D        | Reached skill level 6 in Fighting
    33 | D        | Reached skill level 1 in Dodging
    34 | D        | Reached XP level 3. HP: 20/24 MP: 2/2
    39 | D        | Reached skill level 7 in Fighting
    99 | D        | Found an ancient bone altar of Kikubaaqudgha.
    99 | D        | Found a radiant altar of Vehumet.
    99 | D        | Found a white marble altar of Elyvilon.
    99 | D        | Found an iron altar of Okawaru.
    99 | D        | Found a deep blue altar of Sif Muna.
    99 | D        | Found a glowing golden altar of the Shining One.
    99 | D        | Found a bloodstained altar of Trog.
   100 | D        | Found a shattered altar of Ashenzari.
   101 | D        | Found a blossoming altar of Fedhas.
   102 | D        | Found a sparkling altar of Nemelex Xobeh.
   103 | D        | Found a burning altar of Makhleb.
   104 | D        | Found a glowing silver altar of Zin.
   105 | D        | Became a worshipper of Warmaster Okawaru
   140 | D        | Found a basalt altar of Yredelemnul.
   141 | D        | Found a snail-covered altar of Cheibriados.
   142 | D        | Found a shimmering altar of Xom.
   143 | D        | Found a basalt altar of Yredelemnul.
   144 | D        | Found a shattered altar of Ashenzari.
   192 | D        | Noticed a giant frog
   192 | D        | Noticed a sky beast
   192 | D        | Noticed a centaur
   197 | D        | Killed a giant frog
   197 | D        | Reached skill level 9 in Fighting
   197 | D        | Reached XP level 4. HP: 23/31 MP: 3/3
   216 | D        | Killed a sky beast
   216 | D        | Acquired Okawaru's first power
   216 | D        | Reached skill level 11 in Fighting
   216 | D        | Reached XP level 5. HP: 18/37 MP: 4/4
   218 | D        | Identified the +4,+4 quarterstaff "Jellyslayer" {venom, Noisy rF+ MR+ Str+2 SInv} (You found it in the Dungeon)
   225 | D        | Killed a centaur
   225 | D        | Reached skill level 12 in Fighting
   225 | D        | Reached XP level 6. HP: 22/44 MP: 5/5
   360 | D        | Reached skill level 13 in Fighting
   360 | D        | Reached skill level 5 in Dodging
   402 | D        | Noticed a troll
   402 | D        | Noticed a brown ugly thing
   402 | D        | Noticed a grizzly bear
   402 | D        | Noticed a hound
   402 | D        | Noticed a troll
   405 | D        | Killed a troll
   405 | D        | Reached skill level 14 in Fighting
   405 | D        | Reached XP level 7. HP: 38/50 MP: 6/6
   412 | D        | Killed a brown ugly thing
   412 | D        | Reached skill level 15 in Fighting
   430 | D        | a grizzly bear changed into a boring beetle
   470 | D        | Noticed a shapeshifter
   470 | D        | a boring beetle changed into a shapeshifter
   471 | D        | Noticed a red wasp
   471 | D        | a shapeshifter changed into a red wasp
   475 | D        | Mangled by a red wasp (shapeshifter)

Action                   |  1- 3 |  4- 6 |  7- 9 || total
-------------------------+-------+-------+-------++-------
Melee: Mace              |    24 |       |       ||    24
       Morningstar       |     5 |    22 |    14 ||    41
